 Dungeon Crawl Stone Soup version 0.20.0-15-g7f486f2 (webtiles) character file.

140 dobroeutro the Chopper (level 5, -5/41 HPs)
             Began as a Demonspawn Fighter on June 20, 2017.
             Slain by a two-headed ogre
             ... wielding a +0 giant club
              (17 damage)
             ... on level 2 of the Dungeon.
             The game lasted 00:02:47 (2296 turns).

dobroeutro the Chopper (Demonspawn Fighter)         Turns: 2296, Time: 00:02:48

Health: -5/41      AC:  7    Str: 17    XL:     5   Next: 2%
Magic:  5/5        EV:  6    Int:  9    God:
Gold:   148        SH:  8    Dex: 13    Spells: 4/4 levels left

rFire    . . .     SeeInvis .   a - +0 war axe
rCold    . . .     Gourm    .   c - +0 shield
rNeg     . . .     Faith    .   b - +0 scale mail
rPois    .         Spirit   .   n - +0 helmet (curse)
rElec    .         Reflect  .   (no cloak)
rCorr    .         Harm     .   (no gloves)
MR       .....                  (no boots)
Stlth    ..........             (no amulet)
Regen    0.2/turn               (no ring)
MPRegen  0.1/turn               (no ring)

@: flying
A: hooves 1, powered by pain 1, rot immunity
a: no special abilities


You were on level 2 of the Dungeon.
You were not hungry.

You visited 1 branch of the dungeon, and saw 3 of its levels.

You collected 148 gold pieces.

Inventory:

Hand Weapons
 a - a +0 war axe (weapon)
Armour
 b - a +0 scale mail (worn)
 c - a +0 shield (worn)
 n - a cursed +0 helmet (worn)
Wands
 l - a wand of clouds (0/9)
Scrolls
 e - a scroll of enchant armour {unknown}
 g - 2 scrolls of noise {unknown}
 h - a scroll of amnesia {unknown}
 j - a scroll of remove curse {unknown}
 k - 2 scrolls of random uselessness {unknown}
 p - 2 scrolls of identify {unknown}
Potions
 d - a potion of might
Comestibles
 f - a bread ration
 i - 2 meat rations


   Skills:
 - Level 3.0 Fighting
 + Level 4.7 Axes
 - Level 2.6 Armour
 - Level 2.6 Shields


You had 4 spell levels left.
You didn't know any spells.

Dungeon Overview and Level Annotations

Branches:
Dungeon (3/15)

Altars:


Innate Abilities, Weirdness & Mutations

You have large cloven feet.
You sometimes gain a little power by taking damage.
You are immune to rotting.


Message History

HP restored.
You start waiting.
Evoke which item? (* to show all) (? for menu, Esc to quit)
Aiming: Cloud Cone (will waste charges)
Press: ? - help, Dir - move target cursor, f/p - two-headed ogre
Aim: a two-headed ogre, wielding a giant club and a dire flail Nothing appears to happen.
There is a stone staircase leading up here.
The two-headed ogre closely misses you.
The two-headed ogre hits you with a dire flail!
You climb upwards.
There is a stone staircase leading down here.
The two-headed ogre hits you with a giant club!
The two-headed ogre hits you with a dire flail.
* * * LOW HITPOINT WARNING * * *
It was a potion of flight.
You feel very buoyant.
You fly up into the air.
The two-headed ogre hits you with a giant club!
You die...

#.......... #..#.######
######################..#.(.....
#........##.............########
#.....................#.#.......
##.....................#.#.######
.........................#.......
#.............##########.########
...............O@........#.......
#.######################.#.######
#.# ########### ###.........
#.###.....<...# #.........##
#.##..........### #.........#
#.##..).........# #.....)...#
#.##.#.....##.#.# #.........##
#.##.#.##..##.#.# #.........'.
#.##.#(....##.#.# #.........##


You could see a two-headed ogre.

Vanquished Creatures
  Terence (D:2)
  Robin (D:2)
  3 adders
  An ooze (D:2)
  A worm (D:3)
  2 dart slugs (D:2)
  An orc (D:3)
  A ball python (D:1)
  8 bats
  4 giant cockroaches
  5 hobgoblins
  2 quokkas
  5 frilled lizards
  16 goblins
  4 kobolds
  9 rats
64 creatures vanquished.

Notes
Turn   | Place    | Note
-------+----------+-------------------------------------------
     0 | D:1      | dobroeutro the Demonspawn Fighter began the quest for the Orb.
     0 | D:1      | Reached XP level 1. HP: 18/18 MP: 1/1
   135 | D:1      | Reached skill level 2 in Axes
   369 | D:1      | Gained mutation: You sometimes gain a little power by taking damage. [demonic ancestry]
   369 | D:1      | Reached XP level 2. HP: 24/24 MP: 2/2
   684 | D:2      | Reached skill level 3 in Axes
   719 | D:2      | Gained mutation: You have large cloven feet. [demonic ancestry]
   719 | D:2      | Reached XP level 3. HP: 20/29 MP: 3/3
   778 | D:2      | Noticed Robin
   814 | D:2      | Killed Robin
   848 | D:2      | Noticed Terence
  1100 | D:1      | Gained mutation: You are immune to rotting. [demonic ancestry]
  1100 | D:1      | Reached XP level 4. HP: 6/35 MP: 4/4
  1298 | D:2      | Killed Terence
  1298 | D:2      | Reached skill level 4 in Axes
  2219 | D:3      | Reached XP level 5. HP: 34/41 MP: 5/5
  2224 | D:3      | Noticed a two-headed ogre
  2296 | D:2      | Slain by a two-headed ogre

Skill      XL: |  1  2  3  4 |
---------------+-------------+-----
Axes           | 2 3 4 |  4.7
Fighting       | |  3.0
Armour         | |  2.6
Shields        | |  2.6

Action                   |  1- 3 |  4- 6 || total
-------------------------+-------+-------++-------
Melee: War axe           |   149 |    99 ||   248
       Kick              |    17 |    24 ||    41
Evoke: Wand              |       |     2 ||     2
  Use: Potion            |       |     3 ||     3
  Eat: Chunk             |     1 |     4 ||     5
Armor: Scale mail        |    70 |    43 ||   113
Dodge: Dodged            |    40 |    27 ||    67
Block: Shield            |    66 |    45 ||   111
